 Dungeon Crawl Stone Soup version 0.20.1-1-g8b1a95d (webtiles) character file.

66 Nattfarinn the Sneak (level 3, 0/24 HPs)
             Began as a Vampire Enchanter on Aug 1, 2017.
             Succumbed to an adder's poison
             ... on level 2 of the Dungeon.
             The game lasted 00:04:22 (2273 turns).

Nattfarinn the Sneak (Vampire Enchanter)            Turns: 2273, Time: 00:04:23

Health: 0/24       AC:  0    Str:  7    XL:     3   Next: 96%
Magic:  4/6        EV: 20    Int: 22    God:
Gold:   78         SH:  0    Dex: 20    Spells: 5/6 levels left

rFire    . . .     SeeInvis +   (weapon currently unavailable)
rCold    + . .     Gourm    .   (shield currently unavailable)
rNeg     + + .     Faith    .   (armour currently unavailable)
rPois    +         Spirit   .   (helmet currently unavailable)
rElec    .         Reflect  .   (cloak currently unavailable)
rCorr    .         Harm     .   (gloves currently unavailable)
MR       .....                  (boots currently unavailable)
Stlth    ++++++....             (no amulet)
Regen    0.1/turn               (ring currently unavailable)
MPRegen  0.1/turn               (ring currently unavailable)

@: brilliant, lethally poisoned (0 -> -4), bat-form, flying, regenerating
slowly, hasted, very quick
A: fangs 3, see invisible
a: End Transformation


You were on level 2 of the Dungeon.
You were thirsty.
You were in vampire-bat-form.
You visited 1 branch of the dungeon, and saw 2 of its levels.

You collected 78 gold pieces.

Inventory:

Hand Weapons
 a - a +1 dagger
 e - a +0 short sword (melded)
Armour
 b - a +0 robe (melded)
Scrolls
 f - 2 scrolls of remove curse {unknown}
 g - a scroll of amnesia {unknown}
 j - a scroll of teleportation {unknown}
 k - a scroll of immolation {unknown}
Potions
 d - 12 potions of blood
Books
 c - a book of Maledictions

   Spells                             Type                      Level
   a - Corona                         Hexes                        1
   b - Ensorcelled Hibernation        Hexes/Ice                    2
   c - Confuse                        Hexes                        3
   d - Tukima's Dance                 Hexes                        3
   e - Dazzling Spray                 Conjuration/Hexes            3


   Skills:
 - Level 1.1 Short Blades
 - Level 2.1 Dodging
 * Level 6.8 Stealth
 - Level 2.0 Spellcasting
 + Level 5.2 Hexes


You had 5 spell levels left.
You knew the following spells:

 Your Spells              Type           Power        Failure   Level  Hunger
a - Corona                Hex            #####..      1%          1    #......


Dungeon Overview and Level Annotations

Branches:
Dungeon (2/15)

Altars:


Innate Abilities, Weirdness & Mutations

You heal slowly.
You have razor-sharp teeth.
You have supernaturally acute eyesight. (SInv)
((You can survive without breathing.))


Message History

It was a potion of haste.
You feel yourself speed up. The adder completely misses you.
It was a potion of brilliance.
You feel clever all of a sudden.
* * * LOW HITPOINT WARNING * * *
You feel sick. The adder completely misses you.
You turn into a vampire bat.
Your +0 short sword melds into your body.
Your +0 robe melds into your body.
The adder misses you.
* * * LOW HITPOINT WARNING * * *
You feel sick.
Found a quarterstaff.
Found a scroll labeled SOKESM CIXKODGH.
You reach down and open the door.
A goblin comes into view.
There is an open door here.
A goblin comes into view. It is wielding a club.
Yummy - fresh blood!
You are feeling thirsty.
You die...

.##.##########.#.#
.........S.......#
..#####.#####..#.##
.....)..# #).#..#
#.###############'#
#.# ........## #.#
.....g..# #.#
#....#..# #.##
....g..b# ...##
..##....# ......# .
#....# #######
......# #....#..#
........# ........#
#########


You could see 2 goblins.

Vanquished Creatures
  An adder (D:2)
  A worm (D:2)
  4 dart slugs
  A leopard gecko (D:1)
  2 ball pythons (D:2)
  A giant cockroach (D:1)
  3 hobgoblins (D:2)
  4 jackals (D:1)
  7 kobolds
  A quokka (D:2)
  5 bats
  5 frilled lizards
  6 goblins
  4 rats (D:1)
45 creatures vanquished.

Notes
Turn   | Place    | Note
-------+----------+-------------------------------------------
     0 | D:1      | Nattfarinn the Vampire Enchanter began the quest for the Orb.
     0 | D:1      | Reached XP level 1. HP: 13/13 MP: 3/3
   319 | D:1      | Reached skill level 5 in Stealth
   319 | D:1      | Reached XP level 2. HP: 14/19 MP: 5/5
  1396 | D:1      | Reached skill level 6 in Stealth
  1396 | D:1      | Reached XP level 3. HP: 16/24 MP: 6/6
  1810 | D:2      | Reached skill level 5 in Hexes
  2261 | D:2      | HP: 1/24 [poisoned by an adder]
  2273 | D:2      | Succumbed to an adder's poison

Skill      XL: |  1  2  3 |
---------------+----------+-----
Stealth        | 5 6 |  6.8
Hexes          | 5 |  5.2
Short Blades   | |  1.1
Dodging        | |  2.1
Spellcasting   | |  2.0

Action                   || total
-------------------------++-------
Melee: Dagger            ||    13
       Short sword       ||   150
       Bite              ||    10
 Cast: Corona            ||     4
 Abil: Bat Form          ||     1
  Use: Potion            ||     4
 Stab: Sleeping          ||    16
       Distracted        ||     1
Armor: Robe              ||    23
Dodge: Dodged            ||   108
